 Dungeon Crawl Stone Soup version 0.15.0-16-gce31824 (webtiles) character file.

73460 HungrySpirit the Severer (level 15, -3/146 HPs)
             Began as a Hill Orc Wanderer on Sept 5, 2014.
             Slain by a seven-headed hydra (10 damage)
             ... on Level 2 of the Swamp.
             The game lasted 01:22:27 (31709 turns).

HungrySpirit the Severer (Hill Orc Wanderer)       Turns: 31709, Time: 01:22:27

HP  -3/146       AC 23     Str 24      XL: 15   Next: 43%
MP  17/17        EV  7     Int 12      God:
Gold 930         SH  4     Dex  8      Spells:  0 memorised, 14 levels left

rFire  + . .     SeeInvis .     m - +5 broad axe (flame)
rCold  + + .     Clarity  .     u - +2 plate armour {rPois}
rNeg   . . .     rCorr    .     r - +0 buckler
rPois  +         rRot     .     c - +0 hat
rElec  .         Spirit   .     b - +0 cloak
SustAb .         Warding  .     y - +0 pair of gloves
rMut   .         Stasis   .     S - +0 pair of boots
Gourm  .                        l - amulet of rage
MR     +....                    p - ring "Baopi" {+Inv rC++ Slay+4}
                                v - cursed ring of protection from fire

@: somewhat resistant to hostile enchantments, extremely unstealthy
A: no striking features
a: Evoke Berserk Rage, Evoke Invisibility


You were on level 2 of the Swamp.
You were very hungry.

You visited 4 branches of the dungeon, and saw 29 of its levels.
You also visited: Ossuary and Ice Cave.

You collected 1964 gold pieces.
You spent 1034 gold pieces at shops.

Inventory:

Hand weapons
 d - a +2 mace of draining
 m - a +5 broad axe of flaming (weapon)
 I - the +4 trident of Quantum Leap {flame, SInv}
   (You found it on level 8 of the Dungeon)

   It emits flame when wielded, causing extra injury to most foes and up to
   double damage against particularly susceptible opponents.
   It enhances your eyesight.
Missiles
 s - 5 javelins (quivered)
Armour
 b - a +0 cloak (worn)
 c - a +0 hat (worn)
 r - a +0 buckler (worn)
 u - a +2 plate armour of poison resistance (worn)
 y - a +0 pair of gloves (worn)
 S - a +0 pair of boots (worn)
Magical devices
 e - a wand of frost (5)
 n - a wand of teleportation (2)
 w - a wand of disintegration (7)
 D - a wand of disintegration (5)
 H - a wand of teleportation (3)
 J - a wand of teleportation (3)
 L - a wand of lightning (0)
 Q - a wand of fire (10) {unknown}
Comestibles
 f - 14 meat rations
 z - 9 bread rations
 A - 5 beef jerkies
Scrolls
 a - 4 scrolls of magic mapping
 h - 19 scrolls of remove curse
 j - 3 scrolls of teleportation
 o - a scroll of holy word
 G - 4 scrolls of identify
 M - a scroll of enchant armour
Jewellery
 g - an uncursed ring of protection from magic
 l - an amulet of rage (around neck)
 p - the ring "Baopi" (right hand) {+Inv rC++ Slay+4}
   (You bought it in a shop on level 4 of the Orcish Mines)

   [ring of invisibility]

   It affects your accuracy and damage with ranged weapons and melee attacks
   (+4).
   It greatly protects you from cold.
   It lets you turn invisible.
 v - a cursed ring of protection from fire (left hand)
 B - an uncursed ring of protection from cold
 K - an uncursed ring of flight
Potions
 i - a potion of cure mutation
 k - 3 potions of curing
 t - a potion of magic
 x - a potion of restore abilities
 C - a potion of cancellation
 N - 2 potions of flight
 P - a potion of mutation
 R - a potion of resistance
Miscellaneous
 q - a legendary deck of summonings {the Crusade, drawn: 2}


   Skills:
 * Level 16.8 Fighting
 + Level 20.5(20.9) Axes
 - Level 5.7(13.1) Maces & Flails
 - Level 1.1(12.1) Polearms
   Level 1.0 Crossbows
 * Level 13.9 Armour
 - Level 1.0 Stealth
 + Level 5.3 Shields
 - Level 1.0 Evocations


You had 14 spell levels left.
You didn't know any spells.

Dungeon Overview and Level Annotations

Branches:
Dungeon (15/15)            Temple (0/1) D:7             Orc (4/4) D:10
    Elf (0/3) Orc:4          Lair (8/8) D:8           Swamp (2/5) Lair:3
 Spider (0/5) Lair:3        Slime (0/6) Lair:8       Vaults (0/5) D:13
 Depths: D:15

Altars:
Ashenzari
Dithmenos
Elyvilon
Fedhas
Makhleb
Okawaru
Qazlal
Sif Muna
Xom
Zin
The Shining One

Shops:
D:11 *   Orc:4 (=*[

Annotations:
Orc:2 Snorg
Lair:5 exclusion: oklob plant
Lair:7 Rupert


Message History

* * * LOW HITPOINT WARNING * * *
The seven-headed hydra bites you but does no damage.
The seven-headed hydra barely misses you.
The seven-headed hydra bites you but does no damage.
The seven-headed hydra bites you.
* * * LOW HITPOINT WARNING * * *
The seven-headed hydra bites you but does no damage.
Found an escape hatch in the floor.
A giant leech comes into view.
Read which item? (? for menu, Esc to quit)
Okay, then.
Drink which item? (? for menu, Esc to quit)
Okay, then.
You don't know any spells.
Evoke which item? (* to show all) (? for menu, Esc to quit)
Okay, then.
Drink which item? (? for menu, Esc to quit)
You feel better. You block the giant leech's attack.
The seven-headed hydra bites you!
You die...

♣≈>♣♣♣≈≈≈≈...≈.≈≈≈≈
♣♣♣♣♣♣♣♣♣♣♣...♣♣.........≈≈≈
..♣≈≈.≈.≈♣.≈≈...≈≈♣♣♣♣...≈≈
≈≈....≈≈...≈≈..≈♣≈♣ .§..
≈≈....≈≈≈≈≈≈≈.♣♣♣♣≈♣ ♣.♣
..≈≈≈≈≈≈≈≈≈≈≈..♣ ♣♣ ♣
.≈(≈≈≈≈≈≈...≈≈≈.≈ ♣♣♣
≈≈≈≈≈≈≈..≈♣♣.≈≈≈♣♣...♣
≈.≈≈≈≈..≈♣♣♣.≈≈.@w≈≈.♣
....≈≈≈♣♣♣♣♣≈≈≈≈≈D≈≈...≈≈
......♣♣ ≈..≈≈≈≈≈≈≈≈....
..≈≈.♣ ♣.≈≈≈.≈≈≈≈...≈>
♣♣♣♣♣♣♣♣♣....>.≈≈..♣♣♣.
♣♣§≈≈≈...♣≈..♣♣.≈≈..♣
♣≈≈≈..≈≈.≈≈≈♣♣♣♣♣♣♣..
≈.≈≈.♣§..≈≈§≈♣♣ ♣.
<≈≈.≈♣♣♣..≈.≈≈♣♣


You could see a seven-headed hydra and a giant leech.

Vanquished Creatures
  Aizul (Swamp:2)
  A stone giant (D:10)
  Fannar (Lair:7)
  Harold (Lair:2)
  6 hydras
  2 death yaks (Lair:7)
  A centaur warrior (D:10)
  An orc high priest (Orc:4)
  Nergalle (Lair:5)
  2 unseen horrors
  A fire crab (Lair:7)
  A deep troll (D:13)
  A flayed ghost (D:10)
  The ghost of HungrySpirit the Cleaver, an experienced HOWn (D:5)
  A swamp dragon (Swamp:1)
  11 hill giants
  A phantasmal warrior (D:13)
  An orc knight (Orc:1)
  A griffon (Lair:8)
  5 ugly things (D:14)
  4 orc sorcerers
  A cyclops (D:13)
  7 spiny frogs
  An eye of devastation (Lair:8)
  A black mamba (Lair:8)
  3 torpor snails
  A centaur skeleton (D:12)
  3 komodo dragons
  Psyche (D:10)
  2 gargoyles
  A fire drake (Lair:3)
  A blue devil (Orc:4)
  8 trolls
  A giant leech (Swamp:1)
  3 two-headed ogres
  A deep elf priest (D:10)
  A polar bear (IceCv)
  2 bog bodies
  17 blink frogs
  A fire dragon zombie (D:13)
  25 slime creatures
  A griffon skeleton (D:14)
  4 spriggans (Swamp:1)
  5 basilisks
  A steam dragon (D:12)
  2 deep elf magi
  35 yaks
  2 shadows
  A wyvern (D:12)
  2 wraiths
  Eustachio (D:10)
  11 hippogriffs
  2 wolves (IceCv)
  A hill giant skeleton (D:12)
  A hungry ghost (D:14)
  10 vampire mosquitoes
  3 wargs
  2 mottled dragons
  4 swamp worms
  13 water moccasins
  14 ice beasts
  A tengu skeleton (D:11)
  6 porcupines
  4 swamp drakes
  A black bear (D:9)
  A human skeleton (D:13)
  10 ogres
  8 spiders (Lair:3)
  33 orc warriors
  4 sky beasts
  3 centaurs
  A phantom (D:4)
  The ghost of salade2fruit the Grave Robber, an average OpNe (D:3)
  5 yellow wasps
  31 crocodiles
  15 giant frogs
  A gnoll sergeant (D:8)
  A brain worm (D:13)
  A water moccasin zombie (D:9)
  2 big kobolds
  A tengu zombie (D:14)
  3 scorpions
  An eye of draining (shapeshifter) (D:13)
  4 eyes of draining
  5 killer bees (D:11)
  8 jellies
  8 wights (D:10)
  A hippogriff skeleton (D:14)
  3 crimson imps
  2 goliath beetles
  An elf zombie (D:13)
  2 centaur zombies
  5 gnoll shamans (D:3)
  18 orc priests
  12 hounds
  2 spectral orcs (Lair:5)
  15 iguanas
  24 orc wizards
  An elf skeleton (D:10)
  A quasit (D:8)
  A giant frog skeleton (D:13)
  11 worker ants
  25 sheep
  A big kobold zombie (D:11)
  An ogre zombie (D:10)
  An ogre skeleton (D:9)
  A hound skeleton (D:4)
  Terence (D:3)
  2 mummies
  A worker ant zombie (D:10)
  26 adders
  32 gnolls
  52 green rats
  2 giant mites
  2 shadow imps
  A white imp (D:10)
  A worm (D:4)
  An ufetubus (D:10)
  16 giant geckos
  An ooze (D:1)
  166 orcs
  14 bats
  2 bat skeletons
  3 giant cockroaches
  15 goblins
  19 hobgoblins
  19 jackals
  15 quokkas
  2 ball pythons (D:1)
  9 giant newts
  5 gnoll skeletons (Ossuary)
  A hobgoblin skeleton (D:4)
  A hobgoblin zombie (Orc:3)
  23 kobolds
  7 kobold skeletons (Ossuary)
  22 orc skeletons
  8 orc zombies
  14 rats
  A rat skeleton (D:6)
  5 ballistomycetes (D:10)
  2 fungi
  4 plants
1023 creatures vanquished.

Vanquished Creatures (others)
  A death yak (IceCv)
  A polar bear (IceCv)
  A yak (IceCv)
  2 wolves (IceCv)
  An iguana (D:10)
  A giant gecko (D:6)
  A giant spore (D:10)
  2 bushes (Lair:7)
  4 fungi
14 creatures vanquished.

Grand Total: 1037 creatures vanquished

Notes
Turn   | Place    | Note
--------------------------------------------------------------
     0 | D:1      | HungrySpirit, the Hill Orc Wanderer, began the quest for the Orb.
     0 | D:1      | Reached XP level 1. HP: 22/22 MP: 1/1
   124 | D:1      | Reached skill level 5 in Fighting
   144 | D:1      | Reached XP level 2. HP: 27/29 MP: 2/2
   297 | D:1      | Reached XP level 3. HP: 34/36 MP: 3/3
  1079 | D:2      | Reached skill level 1 in Maces & Flails
  1400 | D:3      | Noticed a sky beast
  1411 | D:3      | Killed a sky beast
  1411 | D:3      | Reached skill level 6 in Fighting
  1411 | D:3      | Reached XP level 4. HP: 27/44 MP: 4/4
  1411 | D:3      | Reached XP level 5. HP: 30/50 MP: 5/5
  1753 | D:3      | Found a white marble altar of Elyvilon.
  1754 | D:3      | Found a blossoming altar of Fedhas.
  1757 | D:3      | Found a glowing golden altar of the Shining One.
  2002 | D:3      | Noticed salade2fruit's ghost (average OpNe)
  2021 | D:3      | Killed salade2fruit's ghost
  2021 | D:3      | Reached XP level 6. HP: 41/57 MP: 7/7
  2166 | D:3      | Noticed an ogre
  2173 | D:3      | Killed an ogre
  2500 | D:4      | Reached skill level 5 in Maces & Flails
  2513 | D:4      | Reached XP level 7. HP: 60/63 MP: 8/8
  2711 | D:4      | Reached skill level 5 in Armour
  3186 | D:5      | Entered Level 5 of the Dungeon
  3529 | D:5      | Noticed an angel
  3530 | D:5      | Found a shimmering altar of Xom.
  3532 | D:5      | Found a glowing silver altar of Zin.
  3624 | D:5      | Gained mutation: You can spit poison. [potion of mutation]
  3624 | D:5      | Gained mutation: Your mind is acute. (Int +2) [potion of mutation]
  3624 | D:5      | Gained mutation: You have sharp fingernails. [potion of mutation]
  3631 | D:4      | Reached XP level 8. HP: 30/70 MP: 9/9
  3903 | D:5      | Reached skill level 5 in Axes
  4360 | D:5      | Noticed HungrySpirit's ghost (experienced HOWn)
  4408 | D:5      | Killed HungrySpirit's ghost
  4408 | D:5      | Reached skill level 7 in Axes
  4409 | D:5      | Reached skill level 8 in Axes
  4992 | D:3      | Noticed Terence
  5002 | D:3      | Killed Terence
  5073 | D:3      | Reached skill level 9 in Axes
  5322 | D:3      | Reached XP level 9. HP: 75/75 MP: 10/10
  5737 | D:3      | Reached skill level 10 in Axes
  6350 | D:6      | Found a stormy altar of Qazlal.
  6401 | D:6      | Reached skill level 1 in Shields
  6588 | D:7      | Found a sand-covered staircase.
  6592 | Ossuary  | Entered an ossuary
  6766 | Ossuary  | Lost mutation: Your mind is acute. (Int +2) [potion of cure mutation]
  6766 | Ossuary  | Lost mutation: You can spit poison. [potion of cure mutation]
  6766 | Ossuary  | Lost mutation: You have sharp fingernails. [potion of cure mutation]
  6835 | D:7      | Found a staircase to the Ecumenical Temple.
  7208 | D:7      | Reached skill level 11 in Axes
  7906 | D:8      | Got an ancient trident
  7907 | D:8      | Identified the +4 trident of Quantum Leap {flame, SInv} (You found it on level 8 of the Dungeon)
  7985 | D:8      | Found a staircase to the Lair.
  8115 | D:9      | Reached XP level 10. HP: 81/86 MP: 11/11
  8130 | D:9      | Found a deep blue altar of Sif Muna.
  8329 | D:9      | Reached skill level 12 in Axes
  9315 | D:10     | Entered Level 10 of the Dungeon
  9342 | D:10     | Reached skill level 5 in Shields
  9408 | D:10     | Found a staircase to the Orcish Mines.
  9437 | D:10     | Reached skill level 13 in Axes
  9689 | D:10     | Noticed Psyche
  9878 | D:10     | Killed Psyche
 10546 | D:10     | Noticed a centaur warrior
 10554 | D:10     | Killed a centaur warrior
 10554 | D:10     | Reached skill level 14 in Axes
 10554 | D:10     | Reached XP level 11. HP: 69/97 MP: 12/12
 10632 | D:10     | Noticed a stone giant
 10646 | D:10     | Killed a stone giant
 10826 | D:10     | Killed an unseen horror
 10927 | D:10     | Noticed a flayed ghost
 11079 | D:10     | Noticed a hill giant
 11183 | Lair:1   | Entered Level 1 of the Lair of Beasts
 11340 | Lair:1   | Found a frozen archway.
 11381 | Lair:1   | Reached skill level 10 in Fighting
 11462 | IceCv    | Entered an ice cave
 11468 | IceCv    | Killed a death yak
 11479 | IceCv    | Reached skill level 15 in Axes
 12789 | Lair:2   | Reached XP level 12. HP: 108/108 MP: 14/14
 12848 | Lair:2   | Noticed Harold
 12948 | Lair:2   | Killed Harold
 12948 | Lair:2   | Reached skill level 16 in Axes
 13147 | Lair:2   | Found a shattered altar of Ashenzari.
 13577 | Lair:5   | Reached skill level 10 in Armour
 13735 | Lair:7   | Noticed Fannar
 13782 | Lair:7   | Killed Fannar
 13802 | Lair:8   | Entered Level 8 of the Lair of Beasts
 14486 | Lair:3   | Found a hole to the Spider Nest.
 14493 | Lair:3   | Reached skill level 17 in Axes
 14756 | Lair:3   | Found a staircase to the Swamp.
 14890 | Lair:3   | Noticed a four-headed hydra
 14908 | Lair:3   | Killed a four-headed hydra
 16822 | Lair:5   | Noticed Nergalle
 16839 | Lair:5   | Killed Nergalle
 17056 | Lair:5   | Reached XP level 13. HP: 118/118 MP: 15/15
 17267 | Lair:5   | Reached skill level 18 in Axes
 17747 | Lair:6   | Found a glowing golden altar of the Shining One.
 18674 | Lair:7   | Noticed a four-headed hydra
 18685 | Lair:7   | Killed a four-headed hydra
 18792 | Lair:7   | Noticed a death yak
 18807 | Lair:7   | Noticed a death yak
 18828 | Lair:7   | Killed a death yak
 18832 | Lair:7   | Killed a death yak
 19423 | Lair:7   | Noticed Rupert
 19424 | Lair:7   | Paralysed by Rupert for 2 turns
 19861 | Lair:7   | Paralysed by Rupert for 7 turns
 19899 | Lair:8   | Noticed a five-headed hydra
 19910 | Lair:8   | Killed a five-headed hydra
 19927 | Lair:8   | Found a staircase to the Slime Pits.
 20419 | Lair:8   | Reached skill level 19 in Axes
 21598 | D:10     | Killed a hill giant
 21984 | D:10     | Noticed Eustachio
 21991 | D:10     | Killed Eustachio
 22357 | D:10     | Killed a flayed ghost
 22376 | Orc:1    | Entered Level 1 of the Orcish Mines
 22560 | Orc:1    | Found an iron altar of Okawaru.
 22789 | Orc:1    | Reached XP level 14. HP: 120/130 MP: 16/16
 23106 | Orc:2    | Noticed Snorg
 23525 | Orc:2    | Found a burning altar of Makhleb.
 24351 | Orc:4    | Entered Level 4 of the Orcish Mines
 24351 | Orc:4    | Found a staircase to the Elven Halls.
 24787 | Orc:4    | Found Clousiga's Antique Weapon Boutique.
 24799 | Orc:4    | Bought a runed broad axe for 108 gold pieces
 25309 | Orc:4    | Found Umaduat's Antique Armour Emporium.
 25453 | Orc:4    | Noticed an orc warlord
 25531 | Orc:4    | Paralysed by an orc sorcerer for 7 turns
 25571 | Orc:4    | Found Efenid's Jewellery Shop.
 25604 | Orc:4    | Bought the ring "Baopi" {+Inv rC++ Slay+4} for 926 gold pieces
 25630 | Orc:4    | Found Izuaquov's General Store.
 26227 | D:11     | Found Pruojol's General Store.
 26747 | D:11     | Found a shadowy altar of Dithmenos.
 27311 | D:12     | Reached skill level 15 in Fighting
 28274 | D:13     | Reached skill level 20 in Axes
 28508 | D:13     | Found a gate to the Vaults.
 29452 | D:14     | Reached XP level 15. HP: 111/143 MP: 17/17
 30107 | D:14     | Found a glowing silver altar of Zin.
 30107 | D:14     | Noticed an angel
 30212 | D:15     | Entered Level 15 of the Dungeon
 30515 | Swamp:1  | Entered Level 1 of the Swamp
 31363 | Swamp:2  | Noticed Aizul
 31381 | Swamp:2  | Killed Aizul
 31708 | Swamp:2  | HP: 3/146 [seven-headed hydra (11)]
 31709 | Swamp:2  | Slain by a seven-headed hydra

Action                   |  1- 3 |  4- 6 |  7- 9 | 10-12 | 13-15 || total
-------------------------+-------+-------+-------+-------+-------++-------
Melee: Spear             |    99 |       |       |       |       ||    99
       Mace              |    27 |    87 |   157 |       |       ||   271
       War axe           |       |       |   351 |       |       ||   351
       Broad axe         |       |       |    21 |   899 |  1500 ||  2420
       Trident           |       |       |       |       |    15 ||    15
 Fire: Hand crossbow     |       |       |    43 |       |       ||    43
Throw: Javelin           |       |       |       |     5 |     3 ||     8
 Abil: Spit Poison       |       |       |     1 |       |       ||     1
Evoke: Wand              |       |       |     9 |    26 |     2 ||    37
       Deck              |       |       |       |       |     2 ||     2
  Use: Potion            |       |     1 |    10 |     7 |     8 ||    26
       Scroll            |       |       |    15 |    10 |    15 ||    40
 Stab: Sleeping          |     1 |       |       |       |       ||     1
  Eat: Chunk             |     1 |     2 |    10 |    22 |    31 ||    66
       Bread ration      |       |     1 |     1 |       |     1 ||     3
       Pizza             |       |       |     1 |     3 |     1 ||     5
       Royal jelly       |       |       |       |     2 |       ||     2
       Beef jerky        |       |       |       |     1 |     6 ||     7
